 Dungeon Crawl Stone Soup version 0.21.0-24-g2553a3340b (webtiles) character file.

32 Esekla the Slasher (level 3, -1/21 HPs)
             Began as a Tengu Warper on Jan 21, 2018.
             Shot with an arrow by a centaur (6 damage)
             ... on level 2 of the Dungeon.
             The game lasted 00:04:06 (672 turns).

Esekla the Slasher (Tengu Warper)                    Turns: 672, Time: 00:04:06

Health: -1/21      AC:  3    Str: 11    XL:     3   Next: 27%
Magic:  7/7        EV: 12    Int: 13    God:
Gold:   48         SH:  0    Dex: 14    Spells: 6/6 levels left

rFire    . . .     SeeInvis .   a - +0 falchion
rCold    . . .     Gourm    .   (no shield)
rNeg     . . .     Faith    .   b - +0 leather armour
rPois    .         Spirit   .   (helmet restricted)
rElec    .         Reflect  .   (no cloak)
rCorr    .         Harm     .   (no gloves)
MR       .....                  (boots unavailable)
Stlth    +.........             (no amulet)
HPRegen  0.07/turn              (no ring)
MPRegen  0.10/turn              (no ring)

@: no status effects
A: beak, talons 3
a: no special abilities


You were on level 2 of the Dungeon.
You were not hungry.

You visited 1 branch of the dungeon, and saw 2 of its levels.

You collected 48 gold pieces.

Inventory:

Hand Weapons
 a - a +0 falchion (weapon)
Missiles
 e - 5 tomahawks of dispersal
 g - 18 stones (quivered)
Armour
 b - a +0 leather armour (worn)
Jewellery
 i - an uncursed ring of positive energy {unknown}
Scrolls
 d - a scroll of blinking
 h - a scroll of identify {unknown}
 k - a scroll of fear {unknown}
Books
 c - a book of Spatial Translocations

   Spells                             Type                      Level
   a - Blink                          Translocation                2
   b - Shroud of Golubria             Charms/Translocation         2
   c - Lesser Beckoning               Translocation                3
   d - Gell's Gravitas                Translocation                3
   e - Teleport Other                 Translocation                3
   f - Passage of Golubria            Translocation                4
 j - a book of Power

   Spells                             Type                      Level
   a - Iskenderun's Battlesphere      Conjuration/Charms           5
   b - Venom Bolt                     Conjuration/Poison           5
   c - Bolt of Magma                  Conjuration/Fire/Earth       5
   d - Iron Shot                      Conjuration/Earth            6
   e - Orb of Destruction             Conjuration                  7
   f - Spellforged Servitor           Conjuration/Summoning        7
Comestibles
 f - 2 rations


   Skills:
 - Level 2.0 Fighting
 * Level 3.4 Long Blades
 - Level 1.0 Throwing
 + Level 1.5 Armour
 + Level 2.7 Dodging
 - Level 2.0 Spellcasting
   Level 2.4 Translocations


You had 6 spell levels left.
You didn't know any spells.

Dungeon Overview and Level Annotations

Branches:
Dungeon (2/15)

Altars:
Elyvilon


Innate Abilities, Weirdness & Mutations

You have a beak for a mouth.
You have claws for feet.


Message History

g - 18 stones (gained 1)
A leopard gecko comes into view.
The leopard gecko hisses angrily.
You hit the leopard gecko but do no damage.
Your kick misses the leopard gecko. Your peck misses the leopard gecko.
The leopard gecko closely misses you.
You riposte.
You closely miss the leopard gecko. The leopard gecko bites you.
You hit the leopard gecko.
You kill the leopard gecko!
You see here a leopard gecko corpse.
You open the door.
A hobgoblin comes into view. It is wielding a club.
There is an open door here.
A centaur comes into view.
The centaur shouts!
The centaur wields a shortbow.
The centaur shoots an arrow.
The arrow hits you!
* * * LOW HITPOINT WARNING * * *
You see here an arrow.
The centaur shoots an arrow.
The arrow hits you.
You die...

##...## ##.##.# #.#.
##....c## #.##.###.#.
##......g###.##.......
#.........##........##
+.........+...........
#.........####.....###
#.......# ##.#.##
#...(.# ###.# ##.@.##
#.# ##'## #.# #.# #.#
#.# #.# ##.## #.#
##...## ######.#
#.....# #......#
#.###.†.#####.######
#.............#


You could see a centaur and a hobgoblin (wandering).

Vanquished Creatures
  An adder (D:2)
  An ooze (D:1)
  A leopard gecko (D:2)
  A bat (D:1)
  3 giant cockroaches
  A goblin (D:1)
  5 hobgoblins (D:1)
  A kobold (D:1)
  A rat (D:1)
15 creatures vanquished.

Notes
Turn   | Place    | Note
-------+----------+-------------------------------------------
     0 | D:1      | Esekla the Tengu Warper began the quest for the Orb.
     0 | D:1      | Reached XP level 1. HP: 12/12 MP: 4/4
     1 | D:1      | Noticed an elf
     2 | D:1      | Noticed a gargoyle
     4 | D:1      | Noticed a dwarf
     6 | D:1      | Noticed a vine stalker
     6 | D:1      | Noticed a draconian
     8 | D:1      | Noticed a human
    10 | D:1      | Noticed a halfling
    10 | D:1      | Noticed a formicid
    12 | D:1      | Noticed a demigod
    12 | D:1      | Noticed a centaur
    14 | D:1      | Noticed a demonspawn
    16 | D:1      | Noticed a merfolk
    16 | D:1      | Noticed a felid
    18 | D:1      | Noticed an octopode
    18 | D:1      | Noticed a troll
    20 | D:1      | Noticed a naga
    20 | D:1      | Noticed a minotaur
    22 | D:1      | Noticed a tengu
    22 | D:1      | Noticed a spriggan
    24 | D:1      | Noticed a vampire
    26 | D:1      | Noticed an ogre
    26 | D:1      | Noticed a ghoul
    78 | D:1      | Reached XP level 2. HP: 7/17 MP: 6/6
   196 | D:1      | Reached skill level 3 in Long Blades
   588 | D:2      | Reached XP level 3. HP: 16/21 MP: 7/7
   604 | D:2      | Found a white marble altar of Elyvilon.
   670 | D:2      | Noticed a centaur
   672 | D:2      | Shot with an arrow by a centaur

Skill      XL: |  1  2 |
---------------+-------+-----
Long Blades    | 3 |  3.4
Fighting       | |  2.0
Throwing       | |  1.0
Armour         | |  1.5
Dodging        | |  2.7
Spellcasting   | |  2.0
Translocations | |  2.4

Action                   || total
-------------------------++-------
Melee: Falchion          ||    34
       Kick              ||     7
       Peck              ||     2
Throw: Stone             ||     6
Armor: Leather armour    ||     5
Dodge: Dodged            ||    17
       Rpst.: Falchion   ||     9
